 Dungeon Sprint DCSS version 0.23-a0-143-g1adec7b (webtiles) character file.

156962370 emperorscorpion the Archmage (level 23, 175/175 HPs)
             Began as a Deep Elf Air Elementalist on Sept 5, 2018.
             Was the Champion of Sif Muna.
             Escaped with the Orb
             ... and 17 runes!
             The game lasted 01:27:07 (11597 turns).

emperorscorpion the Archmage (DEAE)                Turns: 11597, Time: 01:27:08

Health: 175/175    AC: 22    Str:  9    XL:     23   Next: 54%
Magic:  65/65      EV: 34    Int: 42    God:    Sif Muna [******]
Gold:   598        SH:  4    Dex: 21    Spells: 5/76 levels left

rFire    + + .     SeeInvis .   l - +11 scythe of Uraun {slice, Str+4 Int+8 Stlth-}
rCold    . . .     Gourm    +   (shield currently unavailable)
rNeg     . . .     Faith    .   K - +0 troll leather armour
rPois    .         Spirit   .   c - +1 hat {MR+}
rElec    .         Reflect  .   n - +1 cloak
rCorr    .         Harm     .   Q - +1 pair of gloves
MR       +++..     NoTele   +   R - +0 pair of boots {Stlth+}
Stlth    ++++......             v - amulet "Disoy" {Gourm rF++ MP+9 Int+3}
HPRegen  0.79/turn              O - +4 ring of protection
MPRegen  0.39/turn              N - +6 ring of dexterity

@: deflect missiles
A: hooves 1, large bone plates 1, MP-powered wands
0: Orb of Zot
}: 17/17 runes: decaying, serpentine, barnacled, slimy, elven, silver, golden,
iron, obsidian, icy, bone, abyssal, glowing, magical, fiery, dark, gossamer
a: Divine Energy, Channel Magic, Forget Spell, Renounce Religion


You escaped.
You worshipped Sif Muna.
Sif Muna was exalted by your worship.
You were not hungry.

You visited 1 branch You collected 1928 gold pieces.
You spent 1330 gold pieces at shops.

Inventory:

Hand Weapons
 a - the +6 halberd of Action {holy, *Rage rC+ MR++ Int+8, !a}
   (You found it in the Dungeon)

   It has been blessed by the Shining One to cause great damage to the undead
   and demons.
   It affects your intelligence (+8).
   It protects you from cold.
   It affects your resistance to hostile enchantments.
   It may make you go berserk in combat.
 l - the +11 scythe of Uraun (weapon) {slice, Str+4 Int+8 Stlth-}
   (You found it in the Dungeon)

   It inflicts extra damage upon your enemies.
   It affects your strength (+4).
   It affects your intelligence (+8).
   It makes you less stealthy.
 o - the +4 staff of Dispater
   (You took it off Dispater in the Dungeon)
 G - the +2 scimitar of Vorotwimu {flame, Dex+2 SInv}
   (You found it in the Dungeon)

   It has been specially enchanted to burn those struck by it, causing extra
   injury to most foes and up to half again as much damage against particularly
   susceptible opponents.
   Big, fiery blades are also staple armaments of hydra-hunters.
   It affects your dexterity (+2).
   It lets you see invisible.
 P - the +6 Majin-Bo {vamp, Archmagi MP+6 Int+6}
   (You found it in the Dungeon)

   It inflicts no extra harm, but heals its wielder when it wounds a living foe.
   It affects your intelligence (+6).
   It affects your magic capacity (+6).
 Z - the +7 sceptre of Asmodeus
   (You took it off Asmodeus in the Dungeon)
Armour
 c - a +1 hat of magic resistance (worn)
 n - a +1 cloak (worn)
 K - a +0 troll leather armour (worn)
 Q - a +1 pair of gloves (worn)
 R - a +0 pair of boots of stealth (worn)
 V - a +0 cloak of invisibility
Magical Staves
 b - an uncursed staff of energy
Jewellery
 s - a +2 ring of protection
 t - a +3 ring of dexterity
 v - the amulet "Disoy" (around neck) {Gourm rF++ MP+9 Int+3}
   (You found it in the Dungeon)

   [amulet of the gourmand]

   It allows you to eat raw meat even when not hungry.
   It affects your intelligence (+3).
   It greatly protects you from fire.
   It affects your magic capacity (+9).
 y - the ring "Osecoaxi" {Fire rElec Dex+6}
   (You found it in the Dungeon)

   [ring of fire]

   It enhances your fire magic.
   It affects your dexterity (+6).
   It protects you from fire.
   It makes you vulnerable to cold.
   It insulates you from electricity.
 z - an uncursed amulet of regeneration
 A - an uncursed amulet of faith
 B - an uncursed ring of wizardry
 C - an uncursed ring of fire
 D - an uncursed ring of ice
 E - an uncursed ring of protection from magic
 F - an uncursed ring of protection from cold
 I - a +2 ring of slaying
 L - a +6 ring of strength
 M - a +6 ring of strength
 N - a +6 ring of dexterity (right hand)
 O - a +4 ring of protection (left hand)
 Y - an uncursed ring of positive energy
Wands
 m - a wand of iceblast (10)
 W - a wand of acid (3)
Scrolls
 i - 5 scrolls of blinking
 k - 8 scrolls of remove curse
 r - 3 scrolls of identify
 u - 6 scrolls of enchant weapon
 x - 2 scrolls of enchant armour
 S - 4 scrolls of fear
 T - a scroll of fog
Potions
 d - 11 potions of curing
 e - 11 potions of heal wounds
 f - 6 potions of haste
 g - 4 potions of magic
 h - a potion of brilliance
 j - a potion of invisibility
 p - 2 potions of might
 q - a potion of mutation
 H - 6 potions of berserk rage
 U - 2 potions of lignification
Miscellaneous
 X - a sack of spiders
Comestibles
 w - 7 rations


   Skills:
 O Level 27 Fighting
   Level 2.6(4.1) Short Blades
 - Level 4.5(4.8) Long Blades
 + Level 17.4 Polearms
 O Level 27 Armour
 O Level 27 Dodging
 O Level 27 Stealth
   Level 5.8 Shields
 O Level 27 Spellcasting
 O Level 27 Conjurations
 - Level 8.1 Hexes
 - Level 4.6 Charms
 O Level 27 Necromancy
 - Level 8.5 Transmutations
 O Level 27 Ice Magic
 O Level 27 Air Magic
 O Level 27 Earth Magic
   Level 2.2 Poison Magic
 O Level 27 Invocations
 O Level 27 Evocations


You had 5 spell levels left.
You knew the following spells:

 Your Spells              Type           Power        Failure   Level  Hunger
a - Shock                 Conj/Air       ####         0%          1    None
b - Swiftness             Chrm/Air       ########     0%          2    None
c - Necromutation         Tmut/Necr      ########..   1%          8    None
d - Lightning Bolt        Conj/Air       ########..   0%          5    None
f - Deflect Missiles      Chrm/Air       ########..   1%          6    None
g - Glaciate              Conj/Ice       ########..   1%          9    None
h - Iron Shot             Conj/Erth      ########..   0%          6    None
i - Freezing Cloud        Conj/Ice/Air   ########..   0%          6    None
j - Chain Lightning       Conj/Air       ########..   1%          8    None
k - Statue Form           Tmut/Erth      ########.    1%          6    None
l - Invisibility          Hex            #######.     1%          6    None
m - Dispel Undead         Necr           ########     0%          5    None
r - Regeneration          Chrm/Necr      ########..   0%          3    None

Your spell library contained the following spells:

 Spells                   Type           Power        Failure   Level  Hunger
 Animate Skeleton         Necr           N/A          0%          1    None
 Beastly Appendage        Tmut           ######       0%          1    None
 Confusing Touch          Hex            ######       0%          1    None
 Corona                   Hex            #######      0%          1    None
 Flame Tongue             Conj/Fire      #####        0%          1    None
 Freeze                   Ice            ####         0%          1    None
 Magic Dart               Conj           ####         0%          1    None
 Pain                     Necr           ####         0%          1    None
 Sandblast                Erth           ######       0%          1    None
 Sting                    Conj/Pois      ####         0%          1    None
 Corpse Rot               Necr           N/A          0%          2    None
 Ensorcelled Hibernation  Hex/Ice        ######       0%          2    None
 Passwall                 Tmut/Erth      ########     0%          2    None
 Poisonous Vapours        Pois/Air       ######       0%          2    None
 Searing Ray              Conj           ######       0%          2    None
 Slow                     Hex            #######.     0%          2    None
 Sticks to Snakes         Tmut           #######.     0%          2    None
 Sublimation of Blood     Necr           ########..   0%          2    None
 Throw Flame              Conj/Fire      ######       0%          2    None
 Throw Frost              Conj/Ice       ######       0%          2    None
 Conjure Flame            Conj/Fire      ########     0%          3    None
 Dazzling Spray           Conj/Hex       ######       0%          3    None
 Mephitic Cloud           Conj/Pois/Air  ########     0%          3    None
 Ozocubu's Armour         Chrm/Ice       ########     0%          3    None
 Static Discharge         Conj/Air       ########     0%          3    None
 Stone Arrow              Conj/Erth      ######       0%          3    None
 Vampiric Draining        Necr           ########..   0%          3    None
 Airstrike                Air            ########..   0%          4    None
 Animate Dead             Necr           N/A          0%          4    None
 Force Lance              Conj/Tloc      ########     0%          4    None
 Fulminant Prism          Conj/Hex       ########..   0%          4    None
 Ice Form                 Ice/Tmut       ########     0%          4    None
 Iskenderun's Mystic Bla  Conj           ########     0%          4    None
 Leda's Liquefaction      Hex/Erth       ########..   0%          4    None
 Petrify                  Tmut/Erth      ########     0%          4    None
 Sticky Flame             Conj/Fire      ########     0%          4    None
 Summon Ice Beast         Ice/Summ       ########     0%          4    None
 Summon Lightning Spire   Summ/Air       ########     0%          4    None
 Throw Icicle             Conj/Ice       ########     0%          4    None
 Agony                    Necr           ########     0%          5    None
 Bolt of Draining         Conj/Necr      ########..   0%          5    None
 Bolt of Magma            Conj/Fire/Erth ########..   0%          5    None
 Borgnjor's Vile Clutch   Necr/Erth      ########..   0%          5    None
 Excruciating Wounds      Chrm/Necr      ########..   0%          5    None
 Irradiate                Conj/Tmut      ########..   0%          5    None
 Iskenderun's Battlesphe  Conj/Chrm      ########     0%          5    None
 Lee's Rapid Deconstruct  Erth           ########..   0%          5    None
 Metabolic Englaciation   Hex/Ice        ########..   0%          5    None
 Silence                  Hex/Air        ########..   0%          5    None
 Apportation              Tloc           ######       1%          1    None
 Infusion                 Chrm           ####         1%          1    None
 Summon Butterflies       Summ           ######..     1%          1    None
 Summon Small Mammal      Summ           ####         1%          1    None
 Blink                    Tloc           N/A          1%          2    None
 Call Imp                 Summ           ######..     1%          2    None
 Shroud of Golubria       Chrm/Tloc      ######....   1%          2    None
 Song of Slaying          Chrm           #######.     1%          2    None
 Call Canine Familiar     Summ           ######..     1%          3    None
 Confuse                  Hex            #######.     1%          3    None
 Gell's Gravitas          Tloc           ######....   1%          3    None
 Ignite Poison            Fire/Tmut/Pois ######..     1%          3    None
 Inner Flame              Hex/Fire       ######..     1%          3    None
 Lesser Beckoning         Tloc           ######....   1%          3    None
 Portal Projectile        Hex/Tloc       ######       1%          3    None
 Recall                   Summ/Tloc      N/A          1%          3    None
 Spectral Weapon          Hex/Chrm       #######.     1%          3    None
 Spider Form              Tmut/Pois      #######...   1%          3    None
 Summon Guardian Golem    Hex/Summ       ######..     1%          3    None
 Teleport Other           Tloc           ######..     1%          3    None
 Tukima's Dance           Hex            #######.     1%          3    None
 Cause Fear               Hex            #######...   1%          4    None
 Olgreb's Toxic Radiance  Pois           ######..     1%          4    None
 Alistair's Intoxication  Tmut/Pois      #######.     1%          5    None
 Blade Hands              Tmut           #######...   1%          5    None
 Fireball                 Conj/Fire      ########..   1%          5    None
 Summon Mana Viper        Hex/Summ       ######..     1%          5    None
 Venom Bolt               Conj/Pois      ########..   1%          5    None
 Yara's Violent Unravell  Hex/Tmut       #######...   1%          5    None
 Aura of Abjuration       Summ           ######....   9%          5    None
 Summon Demon             Summ           ######....   9%          5    None
 Summon Forest            Summ/Tloc      ######....   9%          5    None
 Bolt of Cold             Conj/Ice       ########..   0%          6    None
 Conjure Ball Lightning   Conj/Air       ########..   0%          6    None
 Death Channel            Necr           ########..   0%          6    None
 Ozocubu's Refrigeration  Ice            ########..   0%          6    None
 Simulacrum               Ice/Necr       ########..   0%          6    None
 Orb of Destruction       Conj           ########..   0%          7    None
 Bolt of Fire             Conj/Fire      ########..   1%          6    None
 Darkness                 Hex            #######...   1%          6    None
 Hydra Form               Tmut           #######...   1%          6    None
 Poison Arrow             Conj/Pois      ########..   1%          6    None
 Haunt                    Necr/Summ      ########..   1%          7    None
 Spellforged Servitor     Conj/Summ      ########..   1%          7    None
 Borgnjor's Revivificati  Necr           ########..   1%          8    None
 Infestation              Necr           ########..   1%          8    None
 Lehudib's Crystal Spear  Conj/Erth      ########..   1%          8    None
 Shatter                  Erth           ########..   1%          9    None
 Tornado                  Air            ########..   1%          9    None
 Death's Door             Chrm/Necr      ########..   3%          8    None
 Dragon Form              Tmut           #######...   8%          7    None
 Dispersal                Tloc           ######....   41%         6    None
 Shadow Creatures         Summ           N/A          41%         6    None
 Discord                  Hex            #######...   56%         8    None
 Ring of Flames           Chrm/Fire      ######....   69%         7    None
 Fire Storm               Conj/Fire      ########..   75%         9    None
 Malign Gateway           Summ/Tloc      ######....   94%         7    None
 Monstrous Menagerie      Summ           ######....   94%         7    None
 Summon Greater Demon     Summ           ######....   94%         7    None
 Summon Hydra             Summ           ######....   94%         7    None
 Controlled Blink         Tloc           N/A          100%        8    None
 Disjunction              Tloc           ######....   100%        8    None
 Ignition                 Fire           ######....   100%        8    None
 Summon Horrible Things   Summ           ######....   100%        8    None
 Dragon's Call            Summ           ######....   100%        9    None
 Passage of Golubria      Tloc           Unusable     N/A         4    N/A

Dungeon Overview and Level Annotations

Branches:
Dungeon (1/1)

Altars:
Cheibriados
Dithmenos
Elyvilon
Fedhas
Gozag
Hepliaklqana
Kikubaaqudgha
Makhleb
Nemelex Xobeh
Okawaru
Qazlal
Ru
Sif Muna
Trog
Uskayaw
Vehumet
Wu Jian
Xom
Yredelemnul
Zin
The Shining One
Beogh
Jiyva
Lugonu

Shops:
D ?:==


Innate Abilities, Weirdness & Mutations

You have large cloven feet.
You are partially covered in large bone plates. (SH +4)
You expend magic power (3 MP) to strengthen your wands.


Message History

There is a sparkling altar of Nemelex Xobeh here.
There is a burning altar of Makhleb here.
There is a corrupted altar of Lugonu here.
There is an ancient bone altar of Kikubaaqudgha here.
There is a hazy altar of Hepliaklqana here.
There is an opulent altar of Gozag, spattered with blood here.
There is a blossoming altar of Fedhas here.
There is a white marble altar of Elyvilon here.
There is a shadowy altar of Dithmenos here.
There is a snail-covered altar of Cheibriados here.
You see here a leather armour.
There is a roughly hewn altar of Beogh here.
There is an open door to the Temple, spattered with blood here.
There is an open door here.
Things that are here:
a ring mail; a hand axe You see here a club.
There is an open door to the Dungeon here.
There is a staircase leading out of the dungeon here.
You have escaped!

.▓.▓.▓.▓.▓.▓.▓.▓.▓
.▓.▓.▓.▓.▓.▓'▓.▓.▓
.▓.▓.▓.▓.▓.▓.▓.▓.▓
.▓.▓.▓.▓.▓.▓.▓.▓)▓
.▓.▓.▓.▓.▓.▓.▓.▓'▓
.▓.▓.▓.▓.▓.▓.▓.▓.▓
.▓.▓.▓.▓.▓.▓.▓.▓.▓
.▓.▓(▓.▓.▓.▓.▓.▓.▓
...▓...▓...▓...▓@▓
▓▓▓▓▓▓▓▓▓▓▓▓▓▓▓▓▓▓


There were no monsters in sight!

Vanquished Creatures
  Cerebov (D)
  Antaeus (D)
  Asmodeus (D)
  the Royal Jelly (D)
  Ereshkigal (D)
  Mnoleg (D)
  A seraph (D)
  Lom Lobon (D)
  5 ancient liches (D)
  Dispater (D)
  3 orbs of fire (D)
  A juggernaut (D)
  7 greater mummies (D)
  Sojobo (D)
  Margery (D)
  Frederick (D)
  Jory (D)
  Geryon (D)
  3 golden dragons (D)
  3 Tzitzimimeh (D)
  2 Brimstone Fiends (D)
  A hellephant (D)
  3 electric golems (D)
  8 tentacled monstrosities (D)
  36 Orb Guardians (D)
  3 Ice Fiends (D)
  3 liches (D)
  3 Hell Sentinels (D)
  2 deep elf blademasters (D)
  3 Executioners (D)
  4 quicksilver dragons (D)
  8 acid blobs (D)
  3 death cobs (D)
  3 storm dragons (D)
  Gastronok (D)
  Frances (D)
  12 sphinxes (D)
  Agnes (D)
  9 shadow dragons (D)
  3 tengu reavers (D)
  A draconian monk (D)
  Donald (D)
  A daeva (D)
  4 nagarajas (D)
  8 azure jellies (D)
  Ilsuiw (D)
  3 frost giants (D)
  5 pandemonium lords (D)
  Aizul (D)
  3 blood saints (D)
  3 balrugs (D)
  Louise (D)
  An angel (D)
  6 emperor scorpions (D)
  4 fire giants (D)
  2 draconian scorchers (D)
  A draconian shifter (D)
  2 deep elf sorcerers (D)
  2 vault wardens (D)
  3 ghost moths (D)
  An ironheart preserver (D)
  3 draconian stormcallers (D)
  2 cacodemons (D)
  A reaper (D)
  A draconian annihilator (D)
  4 green draconians (D)
  2 stone giants (D)
  An entropy weaver (D)
  3 very ugly things (D)
  A deep elf demonologist (D)
  2 lorocyprocas (D)
  10 vampire knights (D)
  4 deep elf annihilators (D)
  2 white draconians (D)
  4 yellow draconians (D)
  Azrael (D)
  2 ettins (D)
  3 purple draconians (D)
  2 red draconians (D)
  3 blizzard demons (D)
  6 death oozes (D)
  4 merfolk javelineers (D)
  A green death (D)
  5 mummy priests (D)
  A great orb of eyes (D)
  2 deep elf death magi (D)
  4 merfolk impalers (D)
  3 deep elf high priests (D)
  3 yaktaur captains (D)
  2 ice dragons (D)
  9 hydras (D)
  A rakshasa (D)
  3 fire dragons (D)
  25 vault guards (D)
  A spriggan air mage (D)
  A small abomination (D)
  5 merfolk aquamancers (D)
  A death knight (D)
  An ogre mage (D)
  3 centaur warriors (D)
  A deep troll shaman (D)
  2 tengu warriors (D)
  A two-headed ogre (D)
  2 deep troll earth magi (D)
  A naga sharpshooter (D)
  A vampire mage (D)
  3 hell hogs (D)
  5 sun demons (D)
  A shock serpent (D)
  A soul eater (D)
  A spriggan berserker (D)
  A deep elf knight (D)
  A wretched star (D)
  7 sixfirhies (D)
  5 hell knights (D)
  2 infernal demonspawn (D)
  4 swamp dragons (D)
  2 wizards (D)
  A shambling mangrove (D)
  2 spriggan druids (D)
  A torturous demonspawn (D)
  2 ironbrand convokers (D)
  2 necromancers (D)
  2 wolf spiders (D)
  10 orc knights (D)
  2 cyclopes (D)
  An ugly thing (D)
  11 moths of wrath (D)
  4 vault sentinels (D)
  A merfolk siren (D)
  5 black mambas (D)
  6 naga magi (D)
  2 guardian serpents (D)
  3 rust devils (D)
  Joseph (D)
  4 orange demons (D)
  5 smoke demons (D)
  A hellion (D)
  3 spiny frogs (D)
  A rime drake (D)
  An efreet (D)
  4 demonic crawlers (D)
  A freezing wraith (D)
  3 hellwings (D)
  5 yaktaurs (D)
  4 ice devils (D)
  A komodo dragon (D)
  2 tormentors (D)
  16 guardian mummies (D)
  A jumping spider (D)
  A hornet (D)
  A meliai (shapeshifter) (D)
  A wandering mushroom (D)
  A merfolk (D)
  8 red devils (D)
  2 wind drakes (D)
  A blink frog (D)
  2 tyrant leeches (D)
  A wind drake (shapeshifter) (D)
  A bog body (D)
  3 raiju (D)
  A dream sheep (D)
  3 redbacks (D)
  3 tarantellas (D)
  3 slime creatures (D)
  A hippogriff (D)
  2 water elementals (D)
  11 spriggans (D)
  4 fire elementals (D)
  3 yaks (D)
  2 ynoxinuls (D)
  A chaos spawn (D)
  A golden eye (shapeshifter) (D)
  2 golden eyes (D)
  A hungry ghost (D)
  2 neqoxecs (D)
  2 large abominations (D)
  An insubstantial wisp (D)
  2 acid dragons (D)
  2 wargs (D)
  4 nagas (D)
  3 hell hounds (D)
  3 floating eyes (D)
  2 water moccasins (D)
  19 orc warriors (D)
  2 porcupines (D)
  An ice beast (D)
  2 swamp drakes (D)
  5 wolves (D)
  A necrophage (D)
  2 centaurs (D)
  An eye of draining (D)
  2 crocodiles (D)
  6 bullfrogs (D)
  A howler monkey (D)
  3 crimson imps (D)
  3 orc wizards (D)
  5 orc priests (D)
  An iguana (D)
  3 worker ants (D)
  A shadow imp (D)
  A white imp (D)
  An adder skeleton (D)
  3 ball lightnings (D)
  A dart slug (D)
  A leopard gecko (D)
  7 orcs (D)
  2 giant cockroaches (D)
  2 kobolds (D)
  A giant cockroach zombie (D)
  A leopard gecko skeleton (D)
  28 blocks of ice (D)
  3 crawling corpses (D)
  A fire vortex (D)
671 creatures vanquished.

Vanquished Creatures (collateral kills)
  A block of ice (D)
1 creature vanquished.

Vanquished Creatures (others)
  Gloorx Vloq (D)
  61 blocks of ice (D)
62 creatures vanquished.

Grand Total: 734 creatures vanquished

Notes
Turn   | Place    | Note
-------+----------+-------------------------------------------
     0 | D        | emperorscorpion the Deep Elf Air Elementalist began the
                  | quest for the Orb.
     0 | D        | Reached XP level 1. HP: 10/10 MP: 6/6
     7 | D        | Reached XP level 2. HP: 15/15 MP: 2/9
    69 | D        | Noticed a crimson imp
    76 | D        | Reached skill level 5 in Air Magic
    76 | D        | Reached XP level 3. HP: 14/19 MP: 2/12
    81 | D        | Learned a level 2 spell: Swiftness
   175 | D        | Reached XP level 4. HP: 24/24 MP: 3/16
   196 | D        | Found a roughly hewn altar of Beogh.
   196 | D        | Found a snail-covered altar of Cheibriados.
   196 | D        | Found a shadowy altar of Dithmenos.
   196 | D        | Found a white marble altar of Elyvilon.
   196 | D        | Found a blossoming altar of Fedhas.
   196 | D        | Found an opulent altar of Gozag.
   197 | D        | Found a hazy altar of Hepliaklqana.
   198 | D        | Found a viscous altar of Jiyva.
   199 | D        | Found an ancient bone altar of Kikubaaqudgha.
   200 | D        | Found a corrupted altar of Lugonu.
   201 | D        | Found a burning altar of Makhleb.
   202 | D        | Found a sparkling altar of Nemelex Xobeh.
   203 | D        | Found an iron altar of Okawaru.
   204 | D        | Found a stormy altar of Qazlal.
   205 | D        | Found a sacrificial altar of Ru.
   206 | D        | Found a deep blue altar of Sif Muna.
   207 | D        | Found a bloodstained altar of Trog.
   208 | D        | Found a hide-covered altar of Uskayaw.
   209 | D        | Found a radiant altar of Vehumet.
   210 | D        | Found an ornate altar of the Wu Jian Council.
   211 | D        | Found a shimmering altar of Xom.
   212 | D        | Found a basalt altar of Yredelemnul.
   213 | D        | Found a glowing silver altar of Zin.
   214 | D        | Became a worshipper of Sif Muna the Loreminder
   215 | D        | Found a glowing golden altar of the Shining One.
   233 | D        | Got the +2 scimitar of Vorotwimu {flame, Dex+2 SInv}
   240 | D        | Learned a level 4 spell: Airstrike
   263 | D        | Noticed a two-headed ogre
   263 | D        | Noticed a necrophage
   263 | D        | Noticed a yak
   263 | D        | Noticed a bullfrog
   287 | D        | Reached skill level 1 in Charms
   306 | D        | Killed a bullfrog
   306 | D        | Reached * piety under Sif Muna
   306 | D        | Reached skill level 1 in Short Blades
   306 | D        | Reached skill level 10 in Spellcasting
   306 | D        | Reached XP level 5. HP: 28/28 MP: 12/19
   316 | D        | Learned a level 5 spell: Lightning Bolt
   439 | D        | Killed a yak
   439 | D        | Reached ** piety under Sif Muna
   439 | D        | Reached skill level 1 in Fighting
   439 | D        | Reached skill level 1 in Long Blades
   439 | D        | Reached XP level 6. HP: 24/34 MP: 5/22
   450 | D        | Reached skill level 5 in Dodging
   452 | D        | Reached *** piety under Sif Muna
   647 | D        | Killed a two-headed ogre
   647 | D        | Reached **** piety under Sif Muna
   647 | D        | Reached skill level 15 in Spellcasting
   647 | D        | Reached XP level 7. HP: 38/38 MP: 7/27
   647 | D        | Reached XP level 8. HP: 42/42 MP: 7/29
   773 | D        | Noticed an efreet
   773 | D        | Noticed a five-headed hydra
   858 | D        | Reached skill level 1 in Invocations
   862 | D        | Killed a five-headed hydra
   862 | D        | Reached ***** piety under Sif Muna
   862 | D        | Identified Sif Muna's Collected Works on the Mountains and
                  | Attacks (Sif Muna gifted it to you in the Dungeon)
   862 | D        | Received a gift from Sif Muna
   862 | D        | Reached skill level 10 in Air Magic
   875 | D        | Learned a level 4 spell: Iskenderun's Mystic Blast
  1117 | D        | Killed an efreet
  1117 | D        | Reached XP level 9. HP: 27/47 MP: 15/31
  1388 | D        | Noticed a spiny frog
  1390 | D        | Reached skill level 5 in Invocations
  1391 | D        | Killed a spiny frog
  1391 | D        | Identified Sif Muna's Papyrus of Attacks (Sif Muna gifted
                  | it to you in the Dungeon)
  1391 | D        | Received a gift from Sif Muna
  1391 | D        | Noticed a rime drake
  1395 | D        | Killed a rime drake
  1502 | D        | Noticed a black mamba
  1504 | D        | Killed a black mamba
  1504 | D        | Noticed a spiny frog
  1506 | D        | Reached XP level 10. HP: 36/54 MP: 12/34
  1506 | D        | Identified Sif Muna's Collected Works on Enchanting
                  | Enhancements (Sif Muna gifted it to you in the Dungeon)
  1506 | D        | Received a gift from Sif Muna
  1506 | D        | Killed a spiny frog
  1506 | D        | Reached skill level 10 in Conjurations
  1786 | D        | Noticed Joseph
  1793 | D        | Killed Joseph
  1793 | D        | Identified Sif Muna's Tome of the Unstable Birds (Sif Muna
                  | gifted it to you in the Dungeon)
  1793 | D        | Received a gift from Sif Muna
  2145 | D        | Learned a level 6 spell: Deflect Missiles
  2197 | D        | Reached ****** piety under Sif Muna
  2199 | D        | Noticed an orc knight
  2201 | D        | Identified Sif Muna's Guide on Weightlessness (Sif Muna
                  | gifted it to you in the Dungeon)
  2201 | D        | Received a gift from Sif Muna
  2206 | D        | Killed an orc knight
  2226 | D        | Learned a level 5 spell: Alistair's Intoxication
  2233 | D        | Learned a level 6 spell: Iron Shot
  2344 | D        | Found Osseejet's Jewellery Boutique.
  2344 | D        | Noticed an orc knight
  2344 | D        | Noticed an orc knight
  2369 | D        | Killed an orc knight
  2369 | D        | Reached skill level 1 in Transmutations
  2369 | D        | Reached skill level 1 in Earth Magic
  2369 | D        | Reached XP level 11. HP: 58/58 MP: 20/37
  2376 | D        | Killed an orc knight
  2380 | D        | Identified Sif Muna's Papyrus of Conjuration (Sif Muna
                  | gifted it to you in the Dungeon)
  2380 | D        | Received a gift from Sif Muna
  2518 | D        | Noticed an orc knight
  2526 | D        | Killed an orc knight
  2691 | D        | Found Votaolucag's Jewellery Shop.
  2695 | D        | Found Suibrid's Book Boutique.
  2697 | D        | Found Eseiss's Magic Scroll Shop.
  2702 | D        | Noticed an orc knight
  2703 | D        | Noticed an orc knight
  2706 | D        | Killed an orc knight
  2727 | D        | Killed an orc knight
  2727 | D        | Reached skill level 1 in Armour
  2759 | D        | Bought an uncursed amulet of regeneration for 390 gold
                  | pieces
  2759 | D        | Bought an uncursed amulet of faith for 520 gold pieces
  2762 | D        | Bought an uncursed ring of wizardry for 420 gold pieces
  2766 | D        | Learned a level 3 spell: Regeneration
  2773 | D        | Learned a level 6 spell: Freezing Cloud
  2795 | D        | Noticed Gastronok
  2854 | D        | Killed Gastronok
  2854 | D        | Identified Sif Muna's Reference Book on Congealing
                  | Transmigration (Sif Muna gifted it to you in the Dungeon)
  2854 | D        | Received a gift from Sif Muna
  2854 | D        | Reached skill level 10 in Invocations
  3083 | D        | Got the +6 halberd of Action {holy, *Rage rC+ MR++ Int+8}
  3122 | D        | Gained mutation: You expend magic power (3 MP) to
                  | strengthen your wands. [potion of mutation]
  3122 | D        | Gained mutation: You are robust. (+10% HP) [potion of
                  | mutation]
  3122 | D        | Gained mutation: You are partially covered in large bone
                  | plates. (SH +4) [potion of mutation]
  3156 | D        | Reached skill level 5 in Transmutations
  3156 | D        | Reached skill level 5 in Earth Magic
  3158 | D        | Received a gift from Sif Muna
  3159 | D        | Noticed a frost giant
  3161 | D        | Noticed a frost giant
  3200 | D        | Killed a frost giant
  3333 | D        | Killed a frost giant
  3333 | D        | Identified Ganic's Incunabulum of Execration (Sif Muna
                  | gifted it to you in the Dungeon)
  3333 | D        | Received a gift from Sif Muna
  3333 | D        | Reached skill level 1 in Poison Magic
  3333 | D        | Reached XP level 12. HP: 69/69 MP: 24/40
  3409 | D        | Noticed a centaur warrior
  3411 | D        | Killed a centaur warrior
  3411 | D        | Reached skill level 1 in Polearms
  3509 | D        | Noticed a tengu warrior
  3515 | D        | Killed a tengu warrior
  3553 | D        | Noticed a deep troll earth mage
  3632 | D        | Killed a deep troll earth mage
  3712 | D        | Noticed an ettin
  3716 | D        | Killed an ettin
  3828 | D        | Noticed Agnes
  3836 | D        | Noticed Azrael
  3837 | D        | Killed Agnes
  3837 | D        | Identified Sif Muna's Collected Works on Excruciating Earth
                  | (Sif Muna gifted it to you in the Dungeon)
  3837 | D        | Received a gift from Sif Muna
  3841 | D        | Killed Azrael
  4104 | D        | Identified Sif Muna's Collected Works on Mutagenic Fire
                  | (Sif Muna gifted it to you in the Dungeon)
  4104 | D        | Received a gift from Sif Muna
  4115 | D        | Learned a level 8 spell: Chain Lightning
  4122 | D        | Learned a level 6 spell: Statue Form
  4233 | D        | Received a gift from Sif Muna
  4352 | D        | Reached skill level 1 in Ice Magic
  4354 | D        | Noticed a merfolk impaler
  4358 | D        | Identified Sif Muna's Guide on Enchanting Transformation
                  | (Sif Muna gifted it to you in the Dungeon)
  4358 | D        | Received a gift from Sif Muna
  4359 | D        | Killed a merfolk impaler
  4359 | D        | Reached XP level 13. HP: 77/77 MP: 14/43
  4440 | D        | Identified Sif Muna's Disquisition on Hexes and Dislocation
                  | (Sif Muna gifted it to you in the Dungeon)
  4440 | D        | Received a gift from Sif Muna
  4497 | D        | Noticed an emperor scorpion
  4499 | D        | Noticed an entropy weaver
  4501 | D        | Killed an emperor scorpion
  4503 | D        | Identified Sif Muna's Thorough Guide to the Arcane Arts
                  | (Sif Muna gifted it to you in the Dungeon)
  4503 | D        | Received a gift from Sif Muna
  4503 | D        | Killed an entropy weaver
  4516 | D        | Learned a level 6 spell: Invisibility
  4638 | D        | Noticed a fire giant
  4640 | D        | Reached skill level 15 in Air Magic
  4641 | D        | Received a gift from Sif Muna
  4641 | D        | Noticed a tengu reaver
  4641 | D        | Killed a fire giant
  4643 | D        | Noticed a fire giant
  4646 | D        | Killed a tengu reaver
  4646 | D        | Reached skill level 15 in Conjurations
  4646 | D        | Reached skill level 5 in Hexes
  4646 | D        | Killed a fire giant
  4646 | D        | Identified Sif Muna's Collected Works on Entrancing
                  | Conjuration (Sif Muna gifted it to you in the Dungeon)
  4646 | D        | Received a gift from Sif Muna
  4654 | D        | Noticed a frost giant
  4654 | D        | Noticed a cyan very ugly thing
  4659 | D        | Killed a frost giant
  4661 | D        | Killed a cyan very ugly thing
  4661 | D        | Reached skill level 10 in Dodging
  4662 | D        | Identified Sif Muna's Grimoire of Evil and Attacks (Sif
                  | Muna gifted it to you in the Dungeon)
  4662 | D        | Received a gift from Sif Muna
  4797 | D        | Reached skill level 27 in Spellcasting
  4797 | D        | Reached XP level 14. HP: 83/83 MP: 18/47
  4891 | D        | Noticed a vault warden
  4891 | D        | Identified Sif Muna's Volume of Stolen Souls and
                  | Enchantment (Sif Muna gifted it to you in the Dungeon)
  4891 | D        | Received a gift from Sif Muna
  4893 | D        | Killed a vault warden
  4893 | D        | Reached skill level 1 in Shields
  4893 | D        | Reached skill level 15 in Invocations
  4899 | D        | Noticed a cyan very ugly thing
  4905 | D        | Killed a cyan very ugly thing
  4906 | D        | Reached skill level 1 in Necromancy
  4913 | D        | Noticed a lich
  4915 | D        | Killed a lich
  4931 | D        | Identified Sif Muna's Reference Book on Burning Aid (Sif
                  | Muna gifted it to you in the Dungeon)
  4931 | D        | Received a gift from Sif Muna
  4952 | D        | Noticed an ironheart preserver
  4957 | D        | Killed an ironheart preserver
  4967 | D        | Reached skill level 5 in Ice Magic
  5089 | D        | Noticed Frederick
  5093 | D        | Killed Frederick
  5093 | D        | Received a gift from Sif Muna
  5101 | D        | Learned a level 5 spell: Dispel Undead
  5259 | D        | Found the +6 Majin-Bo {vamp, Archmagi MP+6 Int+6}
  5365 | D        | Noticed Louise
  5370 | D        | Killed Louise
  5423 | D        | Noticed an emperor scorpion
  5423 | D        | Noticed an emperor scorpion
  5423 | D        | Noticed an emperor scorpion
  5427 | D        | Killed an emperor scorpion
  5429 | D        | Killed an emperor scorpion
  5429 | D        | Identified Ohor's Almanac of Supportive Attacks (Sif Muna
                  | gifted it to you in the Dungeon)
  5429 | D        | Received a gift from Sif Muna
  5430 | D        | Killed an emperor scorpion
  5436 | D        | Noticed an emperor scorpion
  5437 | D        | Noticed an emperor scorpion
  5443 | D        | Killed an emperor scorpion
  5445 | D        | Killed an emperor scorpion
  5448 | D        | Killed a ghost moth
  5448 | D        | Reached XP level 15. HP: 88/88 MP: 26/48
  5450 | D        | Got a gossamer rune of Zot
  5570 | D        | Noticed Ilsuiw
  5574 | D        | Received a gift from Sif Muna
  5574 | D        | Killed Ilsuiw
  5587 | D        | Identified Sif Muna's Papyrus of Twisted Poison (Sif Muna
                  | gifted it to you in the Dungeon)
  5587 | D        | Received a gift from Sif Muna
  5602 | D        | Got a barnacled rune of Zot
  5616 | D        | Received a gift from Sif Muna
  5620 | D        | Reached skill level 10 in Earth Magic
  5627 | D        | Got a decaying rune of Zot
  5635 | D        | Noticed a nagaraja
  5635 | D        | Noticed a nagaraja
  5636 | D        | Noticed a nagaraja
  5639 | D        | Killed a nagaraja
  5639 | D        | Received a gift from Sif Muna
  5639 | D        | Killed a nagaraja
  5639 | D        | Noticed a nagaraja
  5642 | D        | Killed a nagaraja
  5643 | D        | Killed a nagaraja
  5659 | D        | Got a serpentine rune of Zot
  5731 | D        | Noticed Aizul
  5735 | D        | Killed Aizul
  5878 | D        | Noticed Frances
  5885 | D        | Killed Frances
  5885 | D        | Identified Sif Muna's Tome of Frigorific Changing (Sif Muna
                  | gifted it to you in the Dungeon)
  5885 | D        | Received a gift from Sif Muna
  5984 | D        | Received a gift from Sif Muna
  5987 | D        | Reached XP level 16. HP: 92/92 MP: 0/49
  5995 | D        | Reached skill level 5 in Armour
  6001 | D        | Received a gift from Sif Muna
  6002 | D        | Reached skill level 15 in Dodging
  6026 | D        | Noticed a tentacled monstrosity
  6026 | D        | Noticed a tentacled monstrosity
  6029 | D        | Identified Ysisaafe's Reference Book on Fetching Ice (Sif
                  | Muna gifted it to you in the Dungeon)
  6029 | D        | Received a gift from Sif Muna
  6031 | D        | Killed a tentacled monstrosity
  6033 | D        | Killed a tentacled monstrosity
  6036 | D        | Received a gift from Sif Muna
  6038 | D        | Noticed a shadow dragon
  6059 | D        | Killed a shadow dragon
  6062 | D        | Noticed an Orb Guardian
  6065 | D        | Killed an Orb Guardian
  6073 | D        | Received a gift from Sif Muna
  6076 | D        | Noticed a shadow dragon
  6078 | D        | Killed a shadow dragon
  6165 | D        | Noticed a shadow dragon
  6165 | D        | Noticed a tentacled monstrosity
  6165 | D        | Noticed a shadow dragon
  6165 | D        | Noticed a quicksilver dragon
  6165 | D        | Noticed a shadow dragon
  6166 | D        | Noticed an ancient lich
  6168 | D        | Killed a shadow dragon
  6169 | D        | Noticed a shadow dragon
  6171 | D        | Killed a shadow dragon
  6171 | D        | Identified Xydety's Papyrus of Freezing Darkness (Sif Muna
                  | gifted it to you in the Dungeon)
  6171 | D        | Received a gift from Sif Muna
  6175 | D        | Killed a tentacled monstrosity
  6175 | D        | Killed a shadow dragon
  6175 | D        | Reached skill level 5 in Shields
  6177 | D        | Killed an ancient lich
  6177 | D        | Identified Sif Muna's Volume of Talismans and Creation (Sif
                  | Muna gifted it to you in the Dungeon)
  6177 | D        | Received a gift from Sif Muna
  6177 | D        | Killed a quicksilver dragon
  6177 | D        | Reached XP level 17. HP: 97/97 MP: 0/50
  6193 | D        | Got a silver rune of Zot
  6205 | D        | Noticed Jory
  6216 | D        | Killed Jory
  6236 | D        | Noticed Sojobo
  6238 | D        | Identified Sif Muna's Volume of Transmigration and
                  | Summoning (Sif Muna gifted it to you in the Dungeon)
  6238 | D        | Received a gift from Sif Muna
  6246 | D        | Killed Sojobo
  6313 | D        | Got the amulet "Disoy" {Gourm rF++ MP+9 Int+3}
  6404 | D        | Noticed Donald
  6407 | D        | Killed Donald
  6440 | D        | Noticed Margery
  6441 | D        | Received a gift from Sif Muna
  6441 | D        | Reached skill level 5 in Fighting
  6444 | D        | Killed Margery
  6478 | D        | Noticed a tentacled monstrosity
  6480 | D        | Noticed a juggernaut
  6481 | D        | Killed a tentacled monstrosity
  6483 | D        | Identified Sif Muna's Disquisition on Necromancy and
                  | Calling (Sif Muna gifted it to you in the Dungeon)
  6483 | D        | Received a gift from Sif Muna
  6484 | D        | Killed a juggernaut
  6488 | D        | Received a gift from Sif Muna
  6520 | D        | Reached skill level 15 in Earth Magic
  6527 | D        | Received a gift from Sif Muna
  6534 | D        | Reached skill level 27 in Conjurations
  6556 | D        | Reached skill level 10 in Fighting
  6568 | D        | Noticed a quicksilver dragon
  6568 | D        | Noticed an electric golem
  6569 | D        | Noticed a tentacled monstrosity
  6570 | D        | Received a gift from Sif Muna
  6573 | D        | Killed an electric golem
  6573 | D        | Reached XP level 18. HP: 118/118 MP: 23/51
  6576 | D        | Killed a tentacled monstrosity
  6594 | D        | Noticed a golden dragon
  6597 | D        | Killed a golden dragon
  6597 | D        | Received a gift from Sif Muna
  6608 | D        | Reached skill level 27 in Invocations
  6632 | D        | Noticed a golden dragon
  6633 | D        | Noticed a tentacled monstrosity
  6636 | D        | Killed a golden dragon
  6636 | D        | Identified Sif Muna's Guide on the Entourage and
                  | Confrontation (Sif Muna gifted it to you in the Dungeon)
  6636 | D        | Received a gift from Sif Muna
  6636 | D        | Reached skill level 27 in Air Magic
  6640 | D        | Killed a tentacled monstrosity
  6770 | D        | Noticed an Orb Guardian
  6770 | D        | Noticed an Orb Guardian
  6770 | D        | Noticed an Orb Guardian
  6770 | D        | Noticed an Orb Guardian
  6770 | D        | Noticed an Orb Guardian
  6770 | D        | Noticed an Orb Guardian
  6771 | D        | Killed an Orb Guardian
  6772 | D        | Killed an Orb Guardian
  6772 | D        | Killed an Orb Guardian
  6772 | D        | Identified Sif Muna's Handbook of Spatial Ignition (Sif
                  | Muna gifted it to you in the Dungeon)
  6772 | D        | Received a gift from Sif Muna
  6772 | D        | Noticed an Orb Guardian
  6773 | D        | Noticed an Orb Guardian
  6774 | D        | Killed an Orb Guardian
  6774 | D        | Killed an Orb Guardian
  6774 | D        | Noticed an Orb Guardian
  6775 | D        | Killed an Orb Guardian
  6775 | D        | Reached skill level 15 in Fighting
  6775 | D        | Killed an Orb Guardian
  6775 | D        | Noticed an Orb Guardian
  6777 | D        | Killed an Orb Guardian
  6777 | D        | Killed an Orb Guardian
  6778 | D        | Killed an Orb Guardian
  6778 | D        | Reached skill level 10 in Necromancy
  6800 | D        | Learned a level 9 spell: Glaciate
  6801 | D        | Noticed an Orb Guardian
  6801 | D        | Noticed an Orb Guardian
  6803 | D        | Noticed an Orb Guardian
  6803 | D        | Killed an Orb Guardian
  6806 | D        | Noticed an Orb Guardian
  6806 | D        | Killed an Orb Guardian
  6806 | D        | Identified Deppih's Almanac of Orientation and Shape
                  | Shifting (Sif Muna gifted it to you in the Dungeon)
  6806 | D        | Received a gift from Sif Muna
  6806 | D        | Reached skill level 27 in Dodging
  6806 | D        | Killed an Orb Guardian
  6813 | D        | Killed an Orb Guardian
  6835 | D        | Noticed an ancient lich
  6839 | D        | Killed an ancient lich
  6839 | D        | Identified Sif Muna's Handbook of Curses and Ignition (Sif
                  | Muna gifted it to you in the Dungeon)
  6839 | D        | Received a gift from Sif Muna
  6839 | D        | Reached skill level 10 in Ice Magic
  6839 | D        | Reached XP level 19. HP: 140/140 MP: 24/52
  6896 | D        | Noticed an orb of fire
  6897 | D        | Noticed an electric golem
  6898 | D        | Gained mutation: Your magical capacity is low. (-10% MP)
                  | [an orb of fire]
  6901 | D        | Killed an orb of fire
  6903 | D        | Killed an electric golem
  6914 | D        | Noticed an electric golem
  6916 | D        | Received a gift from Sif Muna
  6917 | D        | Noticed an orb of fire
  6917 | D        | Killed an electric golem
  6919 | D        | Noticed an orb of fire
  6922 | D        | Gained mutation: You are dopey. (Int -2) [an orb of fire]
  6923 | D        | Killed an orb of fire
  6923 | D        | Received a gift from Sif Muna
  6925 | D        | Killed an orb of fire
  6925 | D        | Identified Sif Muna's Handbook of the Creative Arsonist
                  | (Sif Muna gifted it to you in the Dungeon)
  6925 | D        | Received a gift from Sif Muna
  6925 | D        | Reached skill level 15 in Ice Magic
  6926 | D        | Noticed an ancient lich
  6929 | D        | Noticed a golden dragon
  6935 | D        | Killed an ancient lich
  6935 | D        | Received a gift from Sif Muna
  6935 | D        | Killed a golden dragon
  6952 | D        | Received a gift from Sif Muna
  6974 | D        | Received a gift from Sif Muna
  6981 | D        | Received a gift from Sif Muna
  6990 | D        | Received a gift from Sif Muna
  6999 | D        | Reached XP level 20. HP: 159/159 MP: 47/47
  7105 | D        | Received a gift from Sif Muna
  7111 | D        | Noticed an ancient lich
  7113 | D        | Received a gift from Sif Muna
  7114 | D        | Killed an ancient lich
  7117 | D        | Received a gift from Sif Muna
  7185 | D        | Received a gift from Sif Muna
  7186 | D        | Reached skill level 15 in Necromancy
  7195 | D        | Received a gift from Sif Muna
  7221 | D        | Received a gift from Sif Muna
  7224 | D        | Received a gift from Sif Muna
  7224 | D        | Reached skill level 27 in Ice Magic
  7235 | D        | Noticed the Royal Jelly
  7240 | D        | Killed the Royal Jelly
  7240 | D        | Received a gift from Sif Muna
  7259 | D        | Received a gift from Sif Muna
  7269 | D        | Got a slimy rune of Zot
  7368 | D        | Learned a level 8 spell: Necromutation
  7373 | D        | Received a gift from Sif Muna
  7373 | D        | Reached skill level 27 in Earth Magic
  7379 | D        | Reached XP level 21. HP: 127/177 MP: 26/48
  7389 | D        | Received a gift from Sif Muna
  7482 | D        | Reached skill level 27 in Fighting
  7483 | D        | Received a gift from Sif Muna
  7576 | D        | Noticed a greater mummy
  7576 | D        | Noticed a greater mummy
  7576 | D        | Noticed a greater mummy
  7576 | D        | Noticed a greater mummy
  7576 | D        | Noticed a greater mummy
  7576 | D        | Noticed a greater mummy
  7579 | D        | Killed a greater mummy
  7579 | D        | Killed a greater mummy
  7579 | D        | Received a gift from Sif Muna
  7579 | D        | Killed a greater mummy
  7579 | D        | Received a gift from Sif Muna
  7583 | D        | Killed a greater mummy
  7583 | D        | Killed a greater mummy
  7583 | D        | Received a gift from Sif Muna
  7594 | D        | Noticed a greater mummy
  7596 | D        | Killed a greater mummy
  7596 | D        | Reached skill level 10 in Armour
  7596 | D        | Reached skill level 27 in Necromancy
  7597 | D        | Killed a greater mummy
  7612 | D        | Got a golden rune of Zot
  7764 | D        | Got an elven rune of Zot
  8181 | D        | Got the +11 scythe of Uraun {slice, Str+4 Int+8 Stlth-}
  8755 | D        | Received a gift from Sif Muna
  8778 | D        | Got an abyssal rune of Zot
  8918 | D        | Noticed Geryon
  8922 | D        | Killed Geryon
  8937 | D        | Noticed Antaeus
  8937 | D        | Noticed Cerebov
  8937 | D        | Noticed Mnoleg
  8942 | D        | Killed Mnoleg
  8943 | D        | Noticed Ereshkigal
  8950 | D        | Noticed Dispater
  8979 | D        | Killed Antaeus
  8981 | D        | Killed Cerebov
  8994 | D        | Killed Ereshkigal
  8994 | D        | Reached XP level 22. HP: 97/185 MP: 12/49
  9009 | D        | Killed Dispater
  9009 | D        | Reached skill level 15 in Evocations
  9026 | D        | Noticed Asmodeus
  9041 | D        | Killed Asmodeus
  9096 | D        | Got a glowing rune of Zot
  9100 | D        | Got a fiery rune of Zot
  9104 | D        | Got a bone rune of Zot
  9108 | D        | Got an icy rune of Zot
  9110 | D        | Noticed Lom Lobon
  9115 | D        | Noticed Gloorx Vloq
  9236 | D        | Killed Lom Lobon
  9236 | D        | Reached skill level 10 in Stealth
  9239 | D        | Killed Gloorx Vloq
  9239 | D        | Reached skill level 15 in Stealth
  9320 | D        | Got an iron rune of Zot
  9324 | D        | Got an obsidian rune of Zot
  9328 | D        | Got a magical rune of Zot
  9332 | D        | Got a dark rune of Zot
  9745 | D        | Got the Orb of Zot
 10076 | D        | Got the ring "Osecoaxi" {Fire rElec Dex+6}
 10212 | D        | Reached skill level 5 in Polearms
 10282 | D        | Received a gift from Sif Muna
 10325 | D        | Noticed Ahiozosu the pandemonium lord
 10330 | D        | Killed Ahiozosu the pandemonium lord
 10542 | D        | Noticed Gaedete the pandemonium lord
 10545 | D        | Killed Gaedete the pandemonium lord
 10579 | D        | Received a gift from Sif Muna
 10580 | D        | Lost mutation: Your magical capacity is low. (-10% MP)
                  | [potion of mutation]
 10580 | D        | Lost mutation: You are robust. (+10% HP) [potion of
                  | mutation]
 10580 | D        | Lost mutation: You are dopey. (Int -2) [potion of mutation]
 10580 | D        | Gained mutation: You have large cloven feet. [potion of
                  | mutation]
 10640 | D        | Noticed Timn the pandemonium lord
 10647 | D        | Killed Timn the pandemonium lord
 10659 | D        | Reached skill level 10 in Polearms
 10748 | D        | Noticed an ancient lich
 10749 | D        | Noticed Hiycu the pandemonium lord
 10754 | D        | Killed an ancient lich
 10756 | D        | Killed Hiycu the pandemonium lord
 10764 | D        | Received a gift from Sif Muna
 10779 | D        | Reached XP level 23. HP: 140/175 MP: 14/56
 10844 | D        | Noticed a seraph
 10847 | D        | Reached skill level 27 in Stealth
 10850 | D        | Killed a seraph
 11078 | D        | Received a gift from Sif Muna
 11113 | D        | Reached skill level 27 in Armour
 11333 | D        | Reached skill level 15 in Polearms
 11447 | D        | Noticed Zanarief the pandemonium lord
 11455 | D        | Killed Zanarief the pandemonium lord
 11461 | D        | Received a gift from Sif Muna
 11534 | D        | Reached skill level 27 in Evocations
 11597 | D        | Escaped with the Orb!

Vault maps used:
D:        linesprint

Skill      XL: |  1  2  3  4  5  6  7  8  9 10 11 12 13 14 15 16 17 18 19 20 21 22 23 |
---------------+----------------------------------------------------------------------+-----
Air Magic      | 4 5 6 7 8 9 10 11 12 13 14 15 18 21 23 25 27 | 27.0
Spellcasting   | 4 6 8 10 11 15 16 18 20 22 24 27 | 27.0
Dodging        | 3 4 5 6 7 10 11 14 17 20 27 | 27.0
Conjurations   | 2 3 6 8 9 11 12 13 15 19 22 25 27 | 27.0
Charms         | 1 2 3 4 |  4.6
Short Blades   | 1 2 |  2.6
Fighting       | 1 2 3 4 10 17 22 26 27 | 27.0
Long Blades    | 1 2 3 4 |  4.5
Invocations    | 4 7 9 10 12 14 18 20 24 26 27 | 27.0
Transmutations | 1 6 8 |  8.5
Earth Magic    | 1 6 8 10 13 15 19 23 27 | 27.0
Armour         | 1 3 4 5 21 25 27 | 27.0
Poison Magic   | 1 2 |  2.2
Polearms       | 2 3 11 17 | 17.4
Ice Magic      | 1 3 6 7 10 21 27 | 27.0
Hexes          | 8 |  8.1
Shields        | 1 2 5 |  5.8
Necromancy     | 2 8 11 13 19 27 | 27.0
Evocations     | 13 22 27 | 27.0
Stealth        | 26 27 | 27.0

Action                   |  1- 3 |  4- 6 |  7- 9 | 10-12 | 13-15 | 16-18 | 19-21 | 22-24 || total
-------------------------+-------+-------+-------+-------+-------+-------+-------+-------++-------
Melee: Dagger            |     7 |       |       |       |       |       |       |       ||     7
       Scimitar          |       |     8 |       |     5 |       |       |       |       ||    13
       Halberd           |       |       |       |    10 |       |     1 |       |       ||    11
       Scythe            |       |       |       |       |       |       |     5 |    11 ||    16
 Cast: Shock             |    19 |    18 |     5 |     1 |       |       |       |       ||    43
       Swiftness         |     1 |     1 |     1 |     2 |       |       |       |       ||     5
       Lightning Bolt    |       |     4 |    19 |   123 |     3 |     2 |       |     1 ||   152
       Deflect Missiles  |       |       |       |     1 |       |       |       |       ||     1
       Iskenderun's Myst |       |       |       |     5 |       |       |       |       ||     5
       Alistair's Intoxi |       |       |       |     2 |       |       |       |       ||     2
       Freezing Cloud    |       |       |       |     3 |     8 |     4 |       |       ||    15
       Chain Lightning   |       |       |       |     9 |    90 |    96 |    35 |    57 ||   287
       Statue Form       |       |       |       |     2 |    14 |    11 |     5 |       ||    32
       Iron Shot         |       |       |       |       |     4 |    21 |    13 |    53 ||    91
       Regeneration      |       |       |       |       |     2 |     3 |     7 |    17 ||    29
       Invisibility      |       |       |       |       |     1 |     2 |     1 |       ||     4
       Dispel Undead     |       |       |       |       |       |     5 |     2 |       ||     7
       Glaciate          |       |       |       |       |       |     4 |    76 |    75 ||   155
       Necromutation     |       |       |       |       |       |       |     8 |    12 ||    20
Invok: Divine Energy     |       |     1 |       |       |       |       |       |       ||     1
       Channel Magic     |       |       |       |     8 |    13 |    14 |    18 |    19 ||    72
       Stop Divine Energ |       |       |       |     1 |       |       |       |       ||     1
       Forget Spell      |       |       |       |       |       |       |     1 |       ||     1
 Abil: End Transformatio |       |       |       |       |     1 |       |     5 |     7 ||    13
Evoke: Sack of spiders   |       |       |       |       |       |       |     1 |     1 ||     2
       Wand              |       |       |       |       |       |       |     1 |       ||     1
  Use: Potion            |     1 |       |       |     3 |       |       |     1 |     3 ||     8
       Scroll            |       |       |       |       |       |     4 |     1 |     1 ||     6
 Stab: Invisible         |       |       |       |       |       |     1 |       |       ||     1
  Eat: Chunk             |       |       |     1 |     4 |     9 |    18 |     6 |     5 ||    43
       Ration            |       |       |     1 |     2 |       |       |       |     1 ||     4
Armor: Robe              |     3 |     2 |     1 |     4 |       |       |       |       ||    10
       Ring mail         |       |       |       |    25 |       |       |       |       ||    25
       Skin              |       |       |       |    17 |   135 |   180 |    44 |       ||   376
       Troll leather arm |       |       |       |       |     1 |       |    14 |    94 ||   109
Dodge: Dodged            |     7 |     8 |     4 |    44 |    54 |   135 |    52 |    34 ||   338
       Deflected         |       |       |       |    11 |     9 |     8 |     5 |     3 ||    36
Block: Other             |       |       |       |     5 |     9 |    27 |     5 |     7 ||    53
       Rpst.: Scimitar   |       |     1 |       |       |       |       |       |       ||     1

Table legend:
 A = Non-vault XP
 B = Vault XP
 C = Vault XP percentage of total XP
 D = Non-vault monster count
 E = Vault monster count
 F = Vault count percentage of total count
                 A         B        C        D         E       F
            +---------+---------+-------+---------+---------+-------
      Total |     930 |  757284 |  99.9 |       4 |     522 |  99.2
            +---------+---------+-------+---------+---------+-------
          D |     930 |  757284 |  99.9 |       4 |     522 |  99.2
            +---------+---------+-------+---------+---------+-------
